AoeStats
← AlibekYes

Arena

508627585Analyzed
2v2 RM · 9d ago on Sep 23, 2026· 41m 22s· 4 players
Game mode
Random Map
Map size
Medium (4 player)
Population
200
Speed
Normal
Resources
Standard
Victory
Conquest
Starting age
Dark Age
Ending age
Imperial Age
RankedLock teamsTeams togetherTeam positionsShared explorationLock speedFull tech treeHidden civsTurbo modeCheats
Victory
Defeat
🇪🇸 Italians · Spain
1216
+16
🇪🇸 Spanish · Spain
1214
+16
🇰🇿 Romans · Kazakhstan
1215
-16
🇰🇿 Malay · Kazakhstan
1211
-16
AlibekYes
9:43 Feudal Age
10:14 Man-at-Arms
15:57 Scale Mail Armor
23:31 Castle Age
30:31 Elite Skirmisher
33:46 Fletching
34:42 Bodkin Arrow
35:55 Padded Archer Armor
Element
11:05 Feudal Age
14:29 Castle Age
13:38 Double-Bit Axe
19:04 Horse Collar
28:05 Imperial Age
26:07 Heavy Plow
27:34 Forging
30:21 Wheelbarrow
29:38 Gold Mining
31:17 Onager
33:55 Fletching
34:06 Padded Archer Armor
34:09 Elite Skirmisher
35:52 Gold Shaft Mining
35:29 Bodkin Arrow
35:49 Leather Archer Armor
abenza8
10:53 Feudal Age
14:25 Castle Age
12:26 Double-Bit Axe
12:54 Loom
13:40 Horse Collar
15:50 Bow Saw
25:45 Town Watch
31:56 Imperial Age
31:51 Wheelbarrow
31:36 Bloodlines
31:36 Gold Mining
33:54 Conscription
35:00 Heavy Plow
36:33 Fletching
37:43 Scale Barding Armor
39:46 Hand Cart
40:12 Fervor
40:23 Sanctity
40:36 Chain Barding Armor
40:18 Padded Archer Armor
42:58 Chemistry
42:18 Ballistics
41:56 Bodkin Arrow
Galeras
10:20 Feudal Age
14:03 Castle Age
12:32 Horse Collar
12:38 Double-Bit Axe
12:54 Loom
26:30 Fletching
26:57 Bow Saw
35:19 Heavy Plow
35:59 Town Watch
36:51 Wheelbarrow
40:40 Imperial Age
38:56 Bodkin Arrow
39:38 Padded Archer Armor
41:11 Husbandry
42:13 Leather Archer Armor
Connection lost

Rejoining the realm…

Still unreachable

The connection could not be restored.

Session expired

The server has moved on; the page needs a fresh start.